 Dungeon Crawl Stone Soup version 0.32-a0-120-gfac0567ad4 (webtiles) character file.

Game seed: 13723814303791552801

86 jasper the Shooter (level 4, 0/34 HPs)
             Began as a Barachi Hunter on Feb 6, 2024.
             Slain by a cerulean imp
             ... wielding a +0 spear
             ... summoned by Natasha
              (3 damage)
             ... on level 2 of the Dungeon.
             The game lasted 00:03:37 (910 turns).

jasper the Shooter (Barachi Hunter)                  Turns: 910, Time: 00:03:38

Health: 0/34       AC:  6    Str: 12    XL:     4   Next: 49%
Magic:  4/4        EV: 11    Int:  9    God:
Gold:   117        SH:  0    Dex: 18    Spells: 3/3 levels left

rFire   . . .        a - +0 shortbow
rCold   + . .        (shield currently unavailable)
rNeg    . . .        d - +1 ring mail
rPois   .            (no helmet)
rElec   .            (no cloak)
rCorr   .            (no gloves)
SInv    .            (no boots)
Will    .....        (no amulet)
Stlth   +            e - ring of protection from cold
HPRegen 0.25/turn    (no ring)
MPRegen 0.09/turn

%: no passive effects
@: unable to hop, slow
A: amphibious, slowness 1, strong legs 1, +LOS
a: Hop


You were on level 2 of the Dungeon.
You visited 1 branch of the dungeon, and saw 2 of its levels.

You collected 117 gold pieces.

Inventory:

Hand Weapons
 a - a +0 shortbow (weapon)
Armour
 c - a +0 leather armour
 d - a +1 ring mail (worn)
Jewellery
 e - a ring of protection from cold (left hand)
 h - an amulet of magic regeneration
Scrolls
 b - a scroll of butterflies
Potions
 g - a potion of haste


   Skills:
 - Level 2.4 Fighting
 + Level 5.8 Ranged Weapons
 - Level 2.1 Dodging
 - Level 0.8 Stealth


You had 3 spell levels left.
You didn't know any spells.
Your spell library was empty.

Dungeon Overview and Level Annotations

Branches:
Dungeon (2/15)

Altars:
Nemelex Xobeh

Annotations:
D:2 Natasha


Innate Abilities, Weirdness & Mutations

You are amphibious.
You cover ground slowly.
You can hop short distances.
You have an extended range of vision and can be seen from far away.


Message History

You take 6 damage, and have 14/34 hp.
You shoot an arrow. The arrow barely misses Natasha.
The arrow misses the cerulean imp.
The cerulean imp hits you but does no damage.
The cerulean imp closely misses you. Natasha barely misses you.
The cerulean imp hits you from afar with a +1 spear.
The cerulean imp hits you but does no damage.
You take 2 damage, and have 12/34 hp.
You shoot an arrow. The arrow closely misses Natasha.
The arrow barely misses the cerulean imp.
Natasha closely misses you.
The cerulean imp hits you but does no damage.
The cerulean imp hits you from afar with a +0 spear.
* * * LOW HITPOINT WARNING * * *
You take 3 damage, and have 9/34 hp.
You shoot an arrow. The arrow barely misses Natasha.
The arrow hits the cerulean imp.
The cerulean imp is almost dead.
Natasha wildly gestures.
You feel troubled. Natasha barely misses you.
The cerulean imp barely misses you.
The cerulean imp hits you but does no damage.
Natasha barely misses you.
You shoot an arrow. The arrow hits Natasha!
Natasha is severely wounded.
The cerulean imp disappears in a puff of smoke!
The cerulean imp hits you but does no damage.
Natasha barely misses you.
The cerulean imp hits you but does no damage.
You shoot an arrow.
The arrow hits Natasha but does no damage.
Natasha is severely wounded.
Natasha closely misses you.
The cerulean imp hits you from afar with a +0 spear.
* * * LOW HITPOINT WARNING * * *
You take 1 damage, and have 9/34 hp.
You shoot an arrow. The arrow closely misses Natasha.
Natasha claws you!
* * * LOW HITPOINT WARNING * * *
The cerulean imp hits you from afar with a +0 spear.
You die...

..##†###...####.....#
####.#.....####..##.#
#.#.#............#
......#######.##......
##.##..# #.# #.#..
...#.....###.# #
.._....?....5.#
.#...#.###.###h####.#
........@.....#
.###.###.###### ...
..#.. ##. .## .. #. ##
. .# .#


You could see Natasha and a cerulean imp (summoned).

Vanquished Creatures
  Natasha (D:2)
  2 adders (D:2)
  2 dart slugs (D:1)
  3 bats
  2 endoplasms (D:1)
  5 giant cockroaches
  4 goblins
  5 hobgoblins
  A quokka (D:1)
  3 ball pythons
  A frilled lizard (D:1)
  6 kobolds
  3 rats
38 creatures vanquished.

Notes
Turn   | Place    | Note
-------+----------+-------------------------------------------
     0 | D:1      | jasper the Barachi Hunter began the quest for the Orb.
     0 | D:1      | Reached XP level 1. HP: 17/17 MP: 1/1
   190 | D:1      | Reached XP level 2. HP: 23/23 MP: 2/2
   322 | D:1      | Reached XP level 3. HP: 28/28 MP: 3/3
   356 | D:1      | Reached skill level 5 in Ranged Weapons
   626 | D:2      | Noticed Natasha
   704 | D:2      | Found a sparkling altar of Nemelex Xobeh.
   786 | D:2      | Found a faded altar of an unknown god.
   822 | D:2      | Reached XP level 4. HP: 33/34 MP: 4/4
   826 | D:2      | Killed Natasha
   892 | D:2      | Noticed Natasha
   910 | D:2      | Slain by a cerulean imp

Illustrated notes

Levels and vault maps discovered:
D:1:      zelgadis_glass_arrival_small, layout_basic
D:2:      layout_loops_ring, ebering_ecumenical_altar_box, basic_altar,
          uniq_natasha

Skill      XL: |  1  2  3 |
---------------+----------+-----
Ranged Weapons | 5 |  5.8
Fighting       | |  2.4
Dodging        | |  2.1
Stealth        | |  0.8

Action                     |  1- 3 |  4- 6 || total
---------------------------+-------+-------++-------
   Fire: Shortbow          |   138 |    20 ||   158
Ability: Hop               |       |     1 ||     1
    Use: Scroll            |     3 |       ||     3
         Potion            |       |     1 ||     1
 Armour: Leather armour    |    21 |       ||    21
         Ring mail         |    15 |    26 ||    41
  Dodge: Dodged            |    56 |    12 ||    68

Table legend: (Time is in decaauts)
 A = Elapsed time spent in this place.
 B = Non-inter-level travel time spent in this place.
 C = Inter-level travel time spent in this place.
 D = Time resting spent in this place.
 E = Time spent auto-exploring this place.
 F = Levels seen in this place.
 G = Mean time per level.
                   A        B        C        D        E       F      G
               +--------+--------+--------+--------+--------+-----+--------+
         Total |   1071 |   1013 |     58 |     41 |    676 |   2 |  535.5 |
       Dungeon |   1071 |   1013 |     58 |     41 |    676 |   2 |  535.5 |
               +--------+--------+--------+--------+--------+-----+--------+

Top non-repeatable levels by time:
     D:1: 811 daAuts
     D:2: 260 daAuts
